 Dungeon Crawl Stone Soup version 0.25-a0-1015-g4819203062 (webtiles) character file.

Game seed: 3736410419913314565, levelgen mode: deterministic

60 P0NYSLAYSTATION the Chopper (level 4, 0/60 HPs)
             Began as a Hill Orc Monk on May 11, 2020.
             Was a Believer of Beogh.
             Succumbed to a scorpion's poison
             ... on level 4 of the Dungeon on May 12, 2020.
             The game lasted 00:05:49 (552 turns).

P0NYSLAYSTATION the Chopper (Hill Orc Monk)          Turns: 552, Time: 00:05:50

Health: 0/60       AC: 22    Str: 14    XL:     4   Next: 6%
Magic:  4/4        EV:  2    Int: 10    God:    Beogh [**....]
Gold:   14         SH:  0    Dex: 13    Spells: 3/3 levels left

rFire    . . .     SeeInvis .   a - +1 hand axe
rCold    . . .     Gourm    .   (no shield)
rNeg     + + +     Faith    .   (armour currently unavailable)
rPois    +         Spirit   .   (helmet currently unavailable)
rElec    .         Reflect  .   (cloak currently unavailable)
rCorr    .         Harm     .   (gloves currently unavailable)
MR       .....     NoTele   +   (boots currently unavailable)
Stlth    ++........             (no amulet)
HPRegen  0.20/turn              (no ring)
MPRegen  0.09/turn              (no ring)

@: brilliant, lethally poisoned (0 -> -1), tree-form
A: no striking features
a: Smiting, Renounce Religion


You were on level 4 of the Dungeon.
You worshipped Beogh.
Beogh was pleased with you.
You were not hungry.
You were a tree.
You visited 1 branch of the dungeon, and saw 4 of its levels.

You collected 14 gold pieces.

Inventory:

Hand Weapons
 a - a +1 hand axe (weapon)
Missiles
 f - 4 silver javelins (quivered)
Armour
 b - a +0 robe
 e - a +0 leather armour (melded)
Scrolls
 i - a scroll of identify {unknown}
 k - a scroll of teleportation {unknown}
Comestibles
 c - a ration
 l - 2 chunks of flesh


   Skills:
 + Level 4.2 Fighting
 + Level 4.8 Axes
 + Level 0.2 Armour
 + Level 3.1 Dodging
 + Level 1.7 Stealth


You had 3 spell levels left.
You didn't know any spells.
Your spell library was empty.

Dungeon Overview and Level Annotations

Branches:
Dungeon (4/15)
 Temple: D:4-7

Altars:

Annotations:
D:3 1 runed translucent door, Crazy Yiuf


Message History

The ball python constricts you.
The ball python bites you but does no damage.
The ball python constricts you.
You closely miss the ball python.
You feel sick.
The ball python bites you but does no damage.
* * * LOW HITPOINT WARNING * * *
The ball python constricts you.
As you read the scroll labeled VINU HIPSAB, it crumbles to dust.
You cannot blink because you are held in place by your roots.
It was a scroll of blinking.
The ball python bites you but does no damage.
* * * LOW HITPOINT WARNING * * *
The ball python constricts you.
You hit the ball python.
You kill the ball python!
Beogh accepts your kill.
As you read the scroll labeled TICHISHUSS, it crumbles to dust.
It is a scroll of enchant weapon.
Your +0 hand axe glows red for a moment.
You die...

....####........>.
............o.... .
#..................
#....<............#
#.....oo...........
##...........♣...!.
#..............#
#.......♣.<...#
#......♣......#
##..........♣.....
#..........# ....
#......?.### ...
#..#.....## ..
...###...## . ..#
##..# #...


You could see a neutral orc priest (wandering), a neutral orc wizard (wandering,
fast) and a neutral orc (wandering).

Vanquished Creatures
  A howler monkey (D:4)
  A giant cockroach (D:2)
  4 hobgoblins
  A ball python (D:4)
  A frilled lizard (D:1)
  A goblin (D:2)
  3 rats
12 creatures vanquished.

Vanquished Creatures (others)
  A scorpion (D:4)
1 creature vanquished.

Grand Total: 13 creatures vanquished

Notes
Turn   | Place    | Note
-------+----------+-------------------------------------------
     0 | D:1      | P0NYSLAYSTATION the Hill Orc Monk began the quest for the
                  | Orb.
     0 | D:1      | Reached XP level 1. HP: 19/19 MP: 1/1
   188 | D:2      | Reached XP level 2. HP: 12/27 MP: 2/2
   498 | D:3      | Found a runed translucent door.
   499 | D:3      | Noticed Crazy Yiuf
   519 | D:4      | Noticed a howler monkey
   520 | D:4      | Became a worshipper of Beogh the Brigand
   520 | D:4      | Reached * piety under Beogh
   520 | D:4      | Reached ** piety under Beogh
   521 | D:4      | Noticed a scorpion
   526 | D:4      | Killed a howler monkey
   526 | D:4      | Reached XP level 3. HP: 23/33 MP: 3/3
   535 | D:4      | Killed a scorpion
   535 | D:4      | Reached XP level 4. HP: 9/40 MP: 4/4
   547 | D:4      | HP: 3/60 [poisoned by a scorpion]
   550 | D:4      | HP: 1/60 [ball python (1)]
   552 | D:4      | Succumbed to a scorpion's poison

Illustrated notes

Levels and vault maps discovered:
D:1:      kennysheep_arrival_seaside, layout_basic, feat_on_display
D:2:      layout_loops_ring, vehumet_crystals, minmay_tree_intersection
D:3:      layout_basic, uniq_terence, uniq_ijyb, uniq_crazy_yiuf_cottage
D:4:      layout_cave_pods, grunt_ministairs_1

Skill      XL: |  1  2 |
---------------+-------+-----
Fighting       | 4 |  4.2
Dodging        | 3 |  3.1
Axes           | |  4.8
Armour         | |  0.2
Stealth        | |  1.7

Action                   |  1- 3 |  4- 6 || total
-------------------------+-------+-------++-------
Melee: Hand axe          |    40 |     4 ||    44
Invok: Convert to Beogh  |     1 |       ||     1
  Use: Potion            |     2 |       ||     2
       Scroll            |       |     2 ||     2
Armor: Leather armour    |     5 |       ||     5
       Skin              |     1 |     5 ||     6
Dodge: Dodged            |    15 |       ||    15

Table legend:
 A = Non-vault XP
 B = Vault XP
 C = Vault XP percentage of total XP
 D = Non-vault monster count
 E = Vault monster count
 F = Vault count percentage of total count
                 A         B        C        D         E       F
            +---------+---------+-------+---------+---------+-------
      Total |      38 |      49 |  56.3 |      12 |       1 |   7.7
            +---------+---------+-------+---------+---------+-------
        D:1 |       9 |       0 |   0.0 |       6 |       0 |   0.0
        D:2 |       6 |       0 |   0.0 |       4 |       0 |   0.0
        D:4 |      23 |      49 |  68.1 |       2 |       1 |  33.3
            +---------+---------+-------+---------+---------+-------
